HBL
SAN ANTONIO MISSIONS @ NAPERVILLE LAZY FISHERMAN
05/05/1997
 
TOP OF THE 1ST
San Antonio Missions batting - Pitching for Naperville Lazy Fisherman : RHP Robert Person
Pitching: RHP Robert Person
Batting: RHB Eric Owens 0-0: Ground out 6-3 (Groundball, 6, EV 109.4 MPH)
Batting: SHB Bill Doran 0-0: Foul Ball, location: 2F
0-1: Ball
1-1: Ball
2-1: Swinging Strike
2-2: Foul Ball, location: 2F
2-2: Foul Ball, location: 2F
2-2: Ground out 4-3 (Groundball, 4, EV 88.1 MPH)
Batting: RHB Orlando Miller 0-0: Called Strike
0-1: Foul Ball, location: 2F
0-2: Strikes out looking
Top of the 1st over - 0 runs, 0 hits, 0 errors, 0 left on base; San Antonio 0 - Naperville 0
BOTTOM OF THE 1ST
Naperville Lazy Fisherman batting - Pitching for San Antonio Missions : RHP Jack Armstrong
Pitching: RHP Jack Armstrong
Batting: RHB Gary Disarcina 0-0: Foul Ball, location: 2F
0-1: Ball
1-1: Ball
2-1: Called Strike
2-2: Fly out, F8 (Flyball, 8LD, EV 101.3 MPH)
Batting: SHB Felipe Crespo 0-0: Foul Ball, location: 2F
0-1: Called Strike
0-2: Foul Ball, location: 2F
0-2: Ground out 1-3 (Groundball, 34S, EV 84.4 MPH)
Batting: RHB Jeffrey Hammonds 0-0: Ball
1-0: Swinging Strike
1-1: Ground out 6-3 (Groundball, 6M, EV 78.8 MPH)
Bottom of the 1st over - 0 runs, 0 hits, 0 errors, 0 left on base; San Antonio 0 - Naperville 0
TOP OF THE 2ND
San Antonio Missions batting - Pitching for Naperville Lazy Fisherman : RHP Robert Person
Batting: RHB David Green 0-0: Swinging Strike
0-1: Called Strike
0-2: Foul Ball, location: 2F
0-2: Foul Ball, location: 2F
0-2: Ball
1-2: Foul Ball, location: 2F
1-2: Strikes out swinging
Batting: RHB Kelly Stinnett 0-0: Called Strike
0-1: Swinging Strike
0-2: Ball
1-2: Ball
2-2: Foul Ball, location: 2F
2-2: Foul Ball, location: 2F
2-2: Strikes out swinging
Batting: LHB Scott Livingstone 0-0: Called Strike
0-1: Ball
1-1: Foul Ball, location: 2F
1-2: Reached on error, E8 (Flyball, 89D, EV 97.5 MPH)
Batting: RHB Luis Sojo 0-0: Ball
1-0: Called Strike
1-1: Ball
2-1: Ball
3-1: Called Strike
3-2: Strikes out swinging
Top of the 2nd over - 0 runs, 0 hits, 1 error, 1 left on base; San Antonio 0 - Naperville 0
BOTTOM OF THE 2ND
Naperville Lazy Fisherman batting - Pitching for San Antonio Missions : RHP Jack Armstrong
Batting: LHB Matt Luke 0-0: Ball
1-0: Ball
2-0: Ball
3-0: Base on Balls
Batting: RHB David Bell 0-0: Called Strike
0-1: Fly out, F7 (Flyball, 7LS, EV 85.0 MPH)
Batting: RHB Craig Worthington 0-0: Foul Ball, location: 2F
0-1: Foul Ball, location: 2F
0-2: Foul Ball, location: 2F
0-2: Ball
1-2: Ground out 5-3 (Groundball, 56S, EV 61.3 MPH)
Matt Luke to second
Batting: RHB Kent Anderson 0-0: Foul Ball, location: 2F
0-1: TRIPLE (Line Drive, 89XD, EV 110.6 MPH)
Matt Luke scores
Batting: RHB Gary Bennett 0-0: Foul Ball, location: 2F
0-1: Called Strike
0-2: Foul Ball, location: 2F
0-2: Ground out 5-3 (Groundball, 5L, EV 100.6 MPH)
Bottom of the 2nd over - 1 run, 1 hit, 0 errors, 1 left on base; San Antonio 0 - Naperville 1
TOP OF THE 3RD
San Antonio Missions batting - Pitching for Naperville Lazy Fisherman : RHP Robert Person
Batting: RHB Mike Difelice 0-0: SINGLE (Flyball, 9S, EV 88.8 MPH)
Batting: SHB Alex Diaz 0-0: Called Strike
0-1: Called Strike
0-2: Ball
1-2: Fielders Choice at 2nd, 5-4 (Groundball, 56, EV 102.5 MPH)
Batting: RHB Eric Owens 0-0: Ball
1-0: Fly out, F9 (Flyball, 9S, EV 90.0 MPH)
Batting: SHB Bill Doran 0-0: Hit by Pitch
Alex Diaz to second
Batting: RHB Orlando Miller 0-0: Called Strike
0-1: Swinging Strike
0-2: Foul Ball, location: 2F
0-2: Fly out, F7 (Flyball, 7, EV 74.4 MPH)
Top of the 3rd over - 0 runs, 1 hit, 0 errors, 2 left on base; San Antonio 0 - Naperville 1
BOTTOM OF THE 3RD
Naperville Lazy Fisherman batting - Pitching for San Antonio Missions : RHP Jack Armstrong
Batting: LHB Dan Peltier 0-0: Fly out, F6 (Popup, 6, EV 66.3 MPH)
Batting: RHB Gary Disarcina 0-0: Ball
1-0: Called Strike
1-1: Ground out 4-3 (Groundball, 4, EV 99.4 MPH)
Batting: SHB Felipe Crespo 0-0: Called Strike
0-1: Ball
1-1: Foul Ball, location: 2F
1-2: Strikes out swinging
Bottom of the 3rd over - 0 runs, 0 hits, 0 errors, 0 left on base; San Antonio 0 - Naperville 1
TOP OF THE 4TH
San Antonio Missions batting - Pitching for Naperville Lazy Fisherman : RHP Robert Person
Batting: RHB David Green 0-0: Called Strike
0-1: Foul Ball, location: 2F
0-2: Ball
1-2: Fly out, F8 (Line Drive, 8LM, EV 89.4 MPH)
Batting: RHB Kelly Stinnett 0-0: Ball
1-0: Ball
2-0: Ball
3-0: Called Strike
3-1: Fly out, F3 (Popup, 3SF, EV 78.1 MPH)
Batting: LHB Scott Livingstone 0-0: Ground out 1-3 (Groundball, P, EV 87.5 MPH)
Top of the 4th over - 0 runs, 0 hits, 0 errors, 0 left on base; San Antonio 0 - Naperville 1
BOTTOM OF THE 4TH
Naperville Lazy Fisherman batting - Pitching for San Antonio Missions : RHP Jack Armstrong
Batting: RHB Jeffrey Hammonds 0-0: SINGLE (Groundball, 34S, EV 86.9 MPH) (infield hit)
Batting: LHB Matt Luke 0-0: Ball
1-0: Ball
2-0: Called Strike
2-1: Swinging Strike
2-2: Strikes out looking
Batting: RHB David Bell 0-0: Ball
1-0: Foul Ball, location: 2F
1-1: Called Strike
1-2: Strikes out swinging
Batting: RHB Craig Worthington 0-0: Swinging Strike
0-1: Ball
1-1: Foul Ball, location: 2F
1-2: Strikes out swinging
Bottom of the 4th over - 0 runs, 1 hit, 0 errors, 1 left on base; San Antonio 0 - Naperville 1
TOP OF THE 5TH
San Antonio Missions batting - Pitching for Naperville Lazy Fisherman : RHP Robert Person
Batting: RHB Luis Sojo 0-0: Ball
1-0: Ball
2-0: Foul Ball, location: 2F
2-1: Called Strike
2-2: Fly out, F8 (Flyball, 8RD, EV 92.5 MPH)
Batting: RHB Mike Difelice 0-0: Ball
1-0: Called Strike
1-1: Hit by Pitch
Batting: SHB Alex Diaz 0-0: Called Strike
0-1: Ball
1-1: Ball
2-1: Foul Ball, location: 2F
2-2: Foul Ball, location: 2F
2-2: SINGLE (Groundball, 6M, EV 103.1 MPH)
Mike Difelice to second
Runner from 2nd tries for 3rd, SAFE, no throw by CF
Batting: RHB Eric Owens 0-0: Ball
1-0: Ball
2-0: Foul Ball, location: 2F
2-1: Foul Ball, location: 2F
2-2: Ball
3-2: Foul Ball, location: 2F
3-2: Foul Ball, location: 2F
3-2: Strikes out swinging
Batting: SHB Bill Doran 0-0: Ball
1-0: Ball
2-0: Ball
3-0: Called Strike
3-1: Called Strike
3-2: Strikes out looking
Top of the 5th over - 0 runs, 1 hit, 0 errors, 2 left on base; San Antonio 0 - Naperville 1
BOTTOM OF THE 5TH
Naperville Lazy Fisherman batting - Pitching for San Antonio Missions : RHP Jack Armstrong
Batting: RHB Kent Anderson 0-0: Ball
1-0: Ball
2-0: Ball
3-0: Base on Balls
Batting: RHB Gary Bennett 0-0: Ball
1-0: Ball
2-0: Called Strike
2-1: Ball
3-1: Bunt missed!
3-2: Foul Ball, location: 2F
3-2: Strikes out swinging
Batting: LHB Dan Peltier 0-0: Called Strike
0-1: Foul Ball, location: 2F
0-2: Foul Ball, location: 2F
0-2: Ball
1-2: Ball
2-2: Ball
3-2: Grounds into double play, 4-6-3 (Groundball, 4, EV 103.1 MPH)
Bottom of the 5th over - 0 runs, 0 hits, 0 errors, 0 left on base; San Antonio 0 - Naperville 1
TOP OF THE 6TH
San Antonio Missions batting - Pitching for Naperville Lazy Fisherman : RHP Robert Person
Batting: RHB Orlando Miller 0-0: Foul Ball, location: 2F
0-1: Ball
1-1: Ball
2-1: Called Strike
2-2: Foul Ball, location: 2F
2-2: Strikes out swinging
Batting: RHB David Green 0-0: Ball
1-0: Called Strike
1-1: Swinging Strike
1-2: Foul Ball, location: 2F
1-2: Strikes out looking
Batting: RHB Kelly Stinnett 0-0: Foul Ball, location: 2F
0-1: Ball
1-1: Ball
2-1: Foul Ball, location: 2F
2-2: Fly out, F3 (Popup, 3SF, EV 67.5 MPH)
Top of the 6th over - 0 runs, 0 hits, 0 errors, 0 left on base; San Antonio 0 - Naperville 1
BOTTOM OF THE 6TH
Naperville Lazy Fisherman batting - Pitching for San Antonio Missions : RHP Jack Armstrong
Batting: RHB Gary Disarcina 0-0: Ball
1-0: Ball
2-0: Foul Ball, location: 2F
2-1: Fly out, F6 (Line Drive, 6, EV 68.8 MPH)
Batting: SHB Felipe Crespo 0-0: Called Strike
0-1: Ball
1-1: Ball
2-1: Foul Ball, location: 2F
2-2: Foul Ball, location: 2F
2-2: Ball
3-2: Foul Ball, location: 2F
3-2: Hit by Pitch
Batting: RHB Jeffrey Hammonds 0-0: Ground out 5-3 (Groundball, 56, EV 84.4 MPH)
Felipe Crespo to second
Batting: LHB Matt Luke 0-0: Called Strike
0-1: Foul Ball, location: 2F
0-2: Ball
1-2: Strikes out swinging
Bottom of the 6th over - 0 runs, 0 hits, 0 errors, 1 left on base; San Antonio 0 - Naperville 1
TOP OF THE 7TH
San Antonio Missions batting - Pitching for Naperville Lazy Fisherman : RHP Robert Person
Pitching: RHP Cory Bailey
Batting: LHB Scott Livingstone 0-0: Ball
1-0: Ball
2-0: Called Strike
2-1: Ball
3-1: Foul Ball, location: 2F
3-2: SINGLE (Groundball, 34S, EV 70.0 MPH) (infield hit)
Batting: RHB Luis Sojo 0-0: Bunted foul
0-1: Sac Bunt to 23 - play at first, batter OUT! 3-4
Scott Livingstone to second
Batting: RHB Mike Difelice 0-0: SINGLE (Line Drive, 8RS, EV 92.5 MPH)
Scott Livingstone to third
Pinch Hitting: LHB David Hulse 0-0: Fielders Choice at 2nd, 1-6 (Groundball, 34S, EV 83.8 MPH)
Batting: RHB Eric Owens 0-0: Swinging Strike
0-1: Ball
1-1: Swinging Strike
1-2: Foul Ball, location: 2F
1-2: Ball
2-2: Ball
Pickoff Throw to First - Out! 1-3
Top of the 7th over - 0 runs, 2 hits, 0 errors, 1 left on base; San Antonio 0 - Naperville 1
BOTTOM OF THE 7TH
Naperville Lazy Fisherman batting - Pitching for San Antonio Missions : RHP Jack Armstrong
Now in RF: David Hulse
Batting: RHB David Bell 0-0: Called Strike
0-1: Fly out, F5 (Popup, 56, EV 61.3 MPH)
Batting: RHB Craig Worthington 0-0: Ball
1-0: Ball
2-0: Ball
3-0: Called Strike
3-1: Base on Balls
Batting: RHB Kent Anderson 0-0: Ball
1-0: Called Strike
1-1: Ball
2-1: Ball
3-1: SINGLE (Flyball, 3D, EV 95.0 MPH)
Craig Worthington to second
Runner from 2nd tries for 3rd, SAFE, no throw by RF
Batting: RHB Gary Bennett 0-0: Called Strike
0-1: Ball
1-1: Swinging Strike
1-2: Ball
2-2: Ball
3-2: Foul Ball, location: 2F
3-2: Base on Balls
Kent Anderson to second
Pitching: LHP Joey Long
Batting: LHB Dan Peltier 0-0: Ball
1-0: Foul Ball, location: 2F
1-1: Called Strike
1-2: Ball
2-2: SINGLE (Groundball, 4MD, EV 106.3 MPH)
Craig Worthington scores
Kent Anderson to third
Gary Bennett to second
Runner from 3rd tries for Home, SAFE, no throw by CF
Pitching: LHP Vince Horsman
Batting: RHB Gary Disarcina 0-0: Fielders Choice at 2nd, 6-4 (Groundball, 56, EV 83.1 MPH)
Gary Bennett to third
Batting: SHB Felipe Crespo 0-0: Called Strike
Pickoff Throw to First - Out! 1-3
Bottom of the 7th over - 2 runs, 2 hits, 0 errors, 1 left on base; San Antonio 0 - Naperville 3
TOP OF THE 8TH
San Antonio Missions batting - Pitching for Naperville Lazy Fisherman : RHP Cory Bailey
Batting: RHB Eric Owens 0-0: Ball
1-0: Ball
2-0: Called Strike
2-1: Fly out, F8 (Flyball, 8RM, EV 95.6 MPH)
Batting: SHB Bill Doran 0-0: Called Strike
0-1: Foul Ball, location: 2F
0-2: Ball
1-2: Ball
2-2: SINGLE (Line Drive, 89M, EV 98.1 MPH)
Batting: RHB Orlando Miller 0-0: Called Strike
0-1: SINGLE (Line Drive, 4D, EV 101.9 MPH)
Bill Doran to second
Pitching: RHP Scott Arnold
Batting: RHB David Green 0-0: Ball
1-0: Fly out, F6 (Line Drive, 6, EV 72.5 MPH)
Batting: RHB Kelly Stinnett 0-0: Ball
1-0: Called Strike
1-1: Called Strike
1-2: Ball
2-2: Strikes out swinging
Top of the 8th over - 0 runs, 2 hits, 0 errors, 2 left on base; San Antonio 0 - Naperville 3
BOTTOM OF THE 8TH
Naperville Lazy Fisherman batting - Pitching for San Antonio Missions : LHP Vince Horsman
Batting: SHB Felipe Crespo 0-0: Ball
1-0: Reached on error, E7 (Flyball, 7, EV 91.9 MPH)
Batting: RHB Jeffrey Hammonds 0-0: Called Strike
0-1: Foul Ball, location: 2F
0-2: Ball
1-2: Ball
2-2: Fielders Choice at 2nd, 1-6 (Groundball, 23, EV 86.3 MPH)
Batting: LHB Matt Luke 0-0: Called Strike
0-1: Fly out, F9 (Flyball, 89S, EV 90.0 MPH)
Batting: RHB David Bell 0-0: Ball
1-0: Ball
2-0: Foul Ball, location: 2F
2-1: Ground out 5-3 (Groundball, 56S, EV 86.9 MPH)
Bottom of the 8th over - 0 runs, 0 hits, 1 error, 1 left on base; San Antonio 0 - Naperville 3
TOP OF THE 9TH
San Antonio Missions batting - Pitching for Naperville Lazy Fisherman : RHP Scott Arnold
Pitching: RHP Blas Minor
Batting: LHB Scott Livingstone 0-0: Foul Ball, location: 2F
0-1: Foul Ball, location: 2F
0-2: Ball
1-2: Ground out 1-3 (Groundball, P, EV 84.4 MPH)
Batting: RHB Luis Sojo 0-0: SINGLE (Flyball, 89S, EV 90.6 MPH)
Batting: RHB Mike Difelice 0-0: Ball
1-0: Ball
2-0: Foul Ball, location: 2F
2-1: Fielders Choice at 2nd, 1-6 (Groundball, 34S, EV 66.9 MPH)
Batting: LHB David Hulse 0-0: Ball
1-0: Foul Ball, location: 2F
1-1: Foul Ball, location: 2F
1-2: Foul Ball, location: 2F
1-2: Strikes out swinging
Top of the 9th over - 0 runs, 1 hit, 0 errors, 1 left on base; San Antonio 0 - Naperville 3
Thursday, February 5th, 2026 - OOTP Baseball 20.8 Build 74